 Dungeon Crawl Stone Soup version 0.25-a0-942-g87a53962fc (webtiles) character file.

Game seed: 5439334843865194634, levelgen mode: deterministic

77746 Flugslaktarn the Severer (level 15, -7/139 HPs)
             Began as a Minotaur Fighter on May 7, 2020.
             Was an Initiate of Gozag.
             Mangled by an entropy weaver (13 damage)
             ... on level 1 of the Spider Nest.
             The game lasted 00:16:43 (26655 turns).

Flugslaktarn the Severer (Minotaur Fighter)        Turns: 26655, Time: 00:16:43

Health: -7/139     AC:  7    Str: 23    XL:     15   Next: 16%
Magic:  14/14      EV: 14    Int:  9    God:    Gozag
Gold:   2611       SH:  0    Dex: 16    Spells: 14/14 levels left

rFire    + . .     SeeInvis .   H - +7 executioner's axe
rCold    . . .     Gourm    .   (shield currently unavailable)
rNeg     . . .     Faith    .   y - +0 plate armour of Disguise {rPois MR+++ Int+4 Dex-2} (curse)
rPois    +         Spirit   .   (helmet restricted)
rElec    .         Reflect  .   j - +2 cloak
rCorr    .         Harm     .   v - +2 pair of gloves {archery}
MR       ++++.                  l - +2 pair of boots {Stlth+}
Stlth    ..........             p - amulet of rage
HPRegen  0.33/turn              f - ring of protection from fire
MPRegen  0.14/turn              C - +4 ring of dexterity

@: mighty, lethally poisoned (-7 -> -8), corroded, gold aura, stab
A: retaliatory headbutt, horns 2
a: Potion Petition, Call Merchant, Bribe Branch, Renounce Religion, Evoke
Berserk Rage


You were on level 1 of the Spider Nest.
You worshipped Gozag.
Gozag was most pleased with you.
You were not hungry.

You visited 5 branches of the dungeon, and saw 21 of its levels.
You also visited: Volcano.

You collected 6465 gold pieces.
You spent 1670 gold pieces at shops.
You paid 2184 gold pieces to Gozag.

Inventory:

Hand Weapons
 H - a +7 executioner's axe (weapon)
   (You found it on level 8 of the Dungeon)
 J - a +4 war axe of freezing
   (You took it off a wight on level 10 of the Dungeon)
 K - a cursed +5 battleaxe
   (You took it off a wight on level 10 of the Dungeon)
Missiles
 G - 3 throwing nets (quivered)
Armour
 j - a +2 cloak (worn)
   (You found it on level 2 of the Dungeon)
 l - a +2 pair of boots of stealth (worn)
   (You bought it in a shop on level 2 of the Orcish Mines)
 v - a +2 pair of gloves of archery (worn)
   (You bought it in a shop on level 2 of the Orcish Mines)
 y - the cursed +0 plate armour of Disguise (worn) {rPois MR+++ Int+4 Dex-2}
   (You bought it in a shop on level 2 of the Orcish Mines)

   It affects your intelligence (+4).
   It affects your dexterity (-2).
   It protects you from poison.
   It affects your resistance to hostile enchantments.
   It has a curse placed upon it.
 M - a scarf of spirit shield
   (You found it on level 4 of the Lair of Beasts)
Jewellery
 f - a ring of protection from fire (left hand)
   (You found it on level 10 of the Dungeon)
 p - an amulet of rage (around neck)
   (You found it on level 1 of the Dungeon)
 C - a +4 ring of dexterity (right hand)
   (You found it on level 7 of the Dungeon)
 N - an uncursed ring of positive energy
   (You found it on level 1 of the Lair of Beasts)
 P - an uncursed ring of ice
   (You found it on level 3 of the Lair of Beasts)
Wands
 m - a wand of paralysis (28)
   (You found it on level 5 of the Dungeon)
 R - a wand of digging (9)
   (You found it on level 8 of the Dungeon)
Scrolls
 b - 2 scrolls of magic mapping
 o - 2 scrolls of fear
 r - 2 scrolls of identify
 x - 10 scrolls of remove curse
 z - 2 scrolls of blinking
 A - 3 scrolls of fog
 B - 2 scrolls of immolation
Potions
 a - a potion of magic
 d - 6 potions of might
 h - 2 potions of haste
 i - 4 potions of lignification
 n - 3 potions of resistance
 q - a potion of curing
 s - a potion of cancellation
 w - 4 potions of heal wounds
 D - 2 potions of invisibility
 E - 3 potions of mutation
 F - 2 potions of ambrosia
 L - 5 potions of flight
Comestibles
 e - 8 rations


   Skills:
 + Level 14.9 Fighting
 + Level 18.3 Axes
 + Level 15.0 Armour
 + Level 12.0 Dodging
   Level 8.4 Shields


You had 14 spell levels left.
You didn't know any spells.
Your spell library was empty.

Dungeon Overview and Level Annotations

Branches:
Dungeon (11/15)            Temple (1/1) D:7            Lair (6/6) D:8
 Shoals (0/4) Lair:2       Spider (1/4) Lair:2        Slime (0/5) Lair:6
    Orc (2/2) D:9             Elf (0/3) Orc:2       Volcano (visited)

Altars:
Ashenzari
Cheibriados
Dithmenos
Elyvilon
Fedhas
Gozag
Hepliaklqana
Kikubaaqudgha
Makhleb
Nemelex Xobeh
Okawaru
Qazlal
Ru
Sif Muna
Trog
Uskayaw
Vehumet
Wu Jian
Yredelemnul
Zin
The Shining One
Beogh

Shops:
D:4 ?   D:7 *   D:9 :   D:11 (   Orc:1 (   Orc:2 *(*[??(

Annotations:
Lair:6 1 runed translucent door, ra1n577's ghost, journeyman MiFi
Spider:1 Rupert


Innate Abilities, Weirdness & Mutations

You reflexively headbutt those who attack you in melee.
You have a pair of horns on your head.


Message History

The redback becomes distracted by the nearby gold, dreaming of imaginary riches.
You are too injured to fight recklessly!
You are too injured to fight recklessly!
You barely miss the entropy weaver.
Your headbutt misses the entropy weaver.
The entropy weaver is severely wounded.
You slash the redback!
The redback is no longer distracted by gold.
You feel sick. The entropy weaver hits you!
* * * LOW HITPOINT WARNING * * *
The entropy weaver closely misses you. The entropy weaver barely misses you.
The entropy weaver hits you!
* * * LOW HITPOINT WARNING * * *
You are too injured to fight recklessly!
You slash the entropy weaver!
The entropy weaver is almost dead.
You closely miss the redback. The redback barely misses you.
The entropy weaver closely misses you. The entropy weaver hits you!
You die...
Your body crumbles into a pile of gold.

...#.....##...##
........$.#....#
..........^..^#
.........$...)#
##......($...#
#.....$..####
####..$..#
#($...# ...
##@...# #..
#as.....> #.. $


ss....... .#.. .....#.... .^.. ..........# ...^ ............ s... #............
.... ##.......... .... .... You could see an entropy weaver, a jumping spider
and 2 redbacks.

Vanquished Creatures
  Louise (Spider:1)
  Erolcha (D:10)
  Harold (Lair:1)
  7 hydras
  5 two-headed ogres
  5 death yaks (Lair:6)
  Sonja (Lair:4)
  3 orc high priests (Orc:2)
  2 skeletal warriors (Volcano)
  An unseen horror (D:10)
  3 orb spiders (Spider:1)
  4 anaconda skeletons (Volcano)
  Pikel (D:4)
  6 orc knights
  2 ugly things
  7 orc sorcerers (Orc:2)
  8 wolf spiders (Spider:1)
  A merfolk siren (Lair:2)
  3 black mambas
  4 gargoyles (Volcano)
  Maggie (D:7)
  26 spiny frogs
  A torpor snail (Spider:1)
  2 rime drakes (Lair:3)
  4 komodo dragons
  4 demonic crawlers (Spider:1)
  9 jumping spiders
  4 trolls
  3 merfolk (Lair:2)
  4 tyrant leeches (Lair:6)
  2 slime creatures (Lair:6)
  A hornet (D:10)
  A harpy skeleton (Volcano)
  29 blink frogs
  8 hippogriffs
  8 dream sheep
  A flying skull (Volcano)
  Sigmund (D:2)
  16 redbacks (Spider:1)
  A spriggan (Lair:1)
  2 tarantellas
  An alligator skeleton (Volcano)
  12 yaks
  A wraith (D:10)
  A basilisk (Lair:6)
  6 vampire mosquitoes (Lair:6)
  A hungry ghost (D:9)
  2 wargs (Orc:2)
  15 water moccasins
  Duvessa (D:6)
  15 porcupines
  28 orc warriors
  3 sky beasts
  2 slaves (D:4)
  An ice beast (D:7)
  2 black bears
  A necrophage (D:7)
  6 wolves (Lair:5)
  10 ogres
  13 centaurs
  7 crocodiles
  3 big kobolds
  22 bullfrogs
  A gnoll sergeant (D:11)
  6 scorpions
  Dowan (D:6)
  5 killer bees
  An electric eel (Lair:6)
  3 spriggan skeletons (Volcano)
  5 wights (D:10)
  A howler monkey (D:9)
  A troll skeleton (Volcano)
  5 crimson imps
  3 bullfrog zombies
  2 centaur zombies
  A quasit (D:9)
  2 centaur skeletons
  7 hounds
  4 jellies
  17 orc priests
  4 iguanas
  30 orc wizards
  Jessica (D:2)
  3 bullfrog skeletons
  Terence (D:2)
  5 worker ants
  Natasha (thrice) (D:2)
  A killer bee zombie (D:5)
  A naga skeleton (Volcano)
  2 hound skeletons
  A worker ant zombie (D:6)
  12 gnolls
  13 adders
  A howler monkey skeleton (D:6)
  4 shadow imps
  2 oozes
  2 worms
  5 leopard geckos
  73 orcs
  11 bats
  3 giant cockroaches
  10 goblins
  9 hobgoblins
  19 jackals
  15 kobolds
  3 quokkas
  7 ball pythons
  9 frilled lizards
  A jackal skeleton (D:4)
  10 rats
  3 fungi
676 creatures vanquished.

Vanquished Creatures (others)
  2 flying skulls (Volcano)
  A quokka skeleton (D:4)
  15 fungi
  42 plants
60 creatures vanquished.

Grand Total: 736 creatures vanquished

Notes
Turn   | Place    | Note
-------+----------+-------------------------------------------
     0 | D:1      | Flugslaktarn the Minotaur Fighter began the quest for the
                  | Orb.
     0 | D:1      | Reached XP level 1. HP: 19/19 MP: 0/0
   130 | D:1      | Reached XP level 2. HP: 27/27 MP: 1/1
   179 | D:1      | Reached skill level 3 in Axes
   769 | D:2      | Reached XP level 3. HP: 33/33 MP: 2/2
   852 | D:2      | Noticed Natasha
   859 | D:2      | Killed Natasha
   940 | D:2      | Noticed Natasha
   942 | D:2      | Noticed Jessica
   950 | D:2      | Reached XP level 4. HP: 19/40 MP: 3/3
   952 | D:2      | Killed Natasha
   952 | D:2      | Reached skill level 4 in Axes
  1031 | D:2      | Killed Jessica
  1266 | D:2      | Noticed Natasha
  1276 | D:2      | Killed Natasha
  1276 | D:2      | Reached XP level 5. HP: 10/47 MP: 4/4
  1605 | D:2      | Noticed Sigmund
  1618 | D:2      | Killed Sigmund
  1618 | D:2      | Reached skill level 5 in Axes
  1618 | D:2      | Reached skill level 5 in Armour
  1618 | D:2      | Reached XP level 6. HP: 50/55 MP: 5/5
  1877 | D:2      | Noticed Terence
  1900 | D:2      | Killed Terence
  1900 | D:2      | Reached skill level 5 in Fighting
  1900 | D:2      | Reached skill level 5 in Shields
  2411 | D:3      | Reached skill level 6 in Axes
  2632 | D:3      | Found a snail-covered altar of Cheibriados.
  2749 | D:3      | Reached XP level 7. HP: 61/61 MP: 6/6
  2772 | D:4      | Found Rofogrue's Magic Scroll Shop.
  2856 | D:4      | Noticed Pikel
  2870 | D:4      | Killed Pikel
  2870 | D:4      | Reached skill level 7 in Axes
  3208 | D:4      | Reached XP level 8. HP: 70/70 MP: 7/7
  3429 | D:5      | Entered Level 5 of the Dungeon
  3957 | D:5      | Reached skill level 8 in Axes
  4581 | D:6      | Noticed Duvessa
  4581 | D:6      | Noticed Dowan
  4588 | D:6      | Killed Dowan
  4600 | D:6      | Killed Duvessa
  4600 | D:6      | Reached skill level 9 in Axes
  4715 | D:6      | Reached XP level 9. HP: 79/79 MP: 8/8
  4930 | D:6      | Found a glowing silver altar of Zin.
  4930 | D:6      | Found a burning altar of Makhleb.
  4935 | D:6      | Found a faded altar of an unknown god.
  4937 | D:6      | Found a sacrificial altar of Ru.
  4938 | D:6      | Found a faded altar of an unknown god.
  5298 | D:7      | Noticed Maggie
  5334 | D:7      | Killed Maggie
  5516 | D:7      | Found Cephuo's Commerce Corner.
  5528 | D:7      | Reached skill level 10 in Axes
  5639 | D:7      | Found a white marble altar of Elyvilon.
  5768 | D:7      | Found a staircase to the Ecumenical Temple.
  6166 | D:8      | Reached skill level 11 in Axes
  6203 | D:8      | Reached XP level 10. HP: 90/90 MP: 9/9
  6247 | D:8      | Found a staircase to the Lair.
  6262 | D:8      | Reached skill level 1 in Dodging
  6785 | D:8      | Found a sparkling altar of Nemelex Xobeh.
  7224 | D:8      | Reached skill level 12 in Axes
  7351 | Temple   | Entered the Ecumenical Temple
  7462 | Temple   | Became a worshipper of Gozag Ym Sagoz the Greedy
  7857 | D:9      | Found a staircase to the Orcish Mines.
  8162 | D:9      | Found Sotej's Book Emporium.
  8234 | D:9      | Noticed a green ugly thing
  8252 | D:9      | Killed a green ugly thing
  8865 | D:10     | Entered Level 10 of the Dungeon
  8976 | D:10     | Reached XP level 11. HP: 99/99 MP: 10/10
  9162 | D:10     | Noticed a two-headed ogre
  9170 | D:10     | Killed a two-headed ogre
  9170 | D:10     | Reached skill level 10 in Fighting
  9170 | D:10     | Reached skill level 13 in Axes
  9170 | D:10     | Reached skill level 10 in Armour
  9354 | D:10     | Noticed a two-headed ogre
  9355 | D:10     | Noticed a two-headed ogre
  9362 | D:10     | Killed a two-headed ogre
  9362 | D:10     | Reached skill level 5 in Dodging
  9368 | D:10     | Killed a two-headed ogre
  9380 | D:10     | Killed an unseen horror
  9687 | D:10     | Noticed Erolcha
  9695 | D:10     | Killed Erolcha
 10205 | D:11     | Noticed a two-headed ogre
 10215 | D:11     | Killed a two-headed ogre
 10215 | D:11     | Reached skill level 14 in Axes
 10455 | D:11     | Found Rinug's Weapon Shoppe.
 10495 | D:11     | Noticed a cyan ugly thing
 10508 | D:11     | Killed a cyan ugly thing
 10884 | Lair:1   | Entered Level 1 of the Lair of Beasts
 10899 | Lair:1   | Noticed a five-headed hydra
 10907 | Lair:1   | Killed a ten-headed hydra
 11039 | Lair:1   | Reached XP level 12. HP: 99/110 MP: 11/11
 11201 | Lair:1   | Noticed Harold
 11215 | Lair:1   | Paralysed by Harold for 2 turns
 11227 | Lair:1   | Killed Harold
 12067 | Lair:2   | Reached skill level 15 in Axes
 12389 | Lair:2   | Found a hole to the Spider Nest.
 12404 | Lair:2   | Noticed an eight-headed hydra
 12418 | Lair:2   | Killed a 12-headed hydra
 12887 | Lair:2   | Found a staircase to the Shoals.
 13869 | Lair:3   | Noticed an eight-headed hydra
 13885 | Lair:3   | Killed a 15-headed hydra
 14930 | Lair:4   | Noticed a six-headed hydra
 14942 | Lair:4   | Killed an 11-headed hydra
 14942 | Lair:4   | Reached skill level 16 in Axes
 14942 | Lair:4   | Reached XP level 13. HP: 81/118 MP: 12/12
 15226 | Lair:4   | Noticed Sonja
 15238 | Lair:4   | Killed Sonja
 15692 | Lair:5   | Found a dark tunnel.
 15697 | Volcano  | Entered a volcano
 17256 | Lair:5   | Reached skill level 17 in Axes
 17550 | Lair:6   | Entered Level 6 of the Lair of Beasts
 18612 | Lair:6   | Reached skill level 10 in Dodging
 18742 | Lair:6   | Reached XP level 14. HP: 129/129 MP: 13/13
 19148 | Lair:6   | Found a runed translucent door.
 19151 | Lair:6   | Noticed ra1n577's ghost (journeyman MiFi)
 20237 | Lair:6   | Reached skill level 18 in Axes
 20677 | Lair:6   | Found a staircase to the Slime Pits.
 21065 | Orc:1    | Entered Level 1 of the Orcish Mines
 21190 | Orc:1    | Found Ikler's Antique Weapon Shop.
 22112 | Orc:2    | Entered Level 2 of the Orcish Mines
 22871 | Orc:2    | Found a staircase to the Elven Halls.
 22958 | Orc:2    | Found a roughly hewn altar of Beogh.
 22983 | Orc:2    | Paralysed by an orc sorcerer for 4 turns
 23118 | Orc:2    | Found Diotasuy's Weapon Boutique.
 23825 | Orc:2    | Found Buetetwi's Assorted Antiques.
 24445 | Orc:2    | Paralysed by an orc sorcerer for 6 turns
 24972 | Orc:2    | Found Juakarum's General Store.
 24974 | Orc:2    | Found Ycake's Magic Scroll Emporium.
 25037 | Orc:2    | Bought a scroll of enchant weapon for 127 gold pieces
 25064 | Orc:2    | Identified a scroll of acquirement
 25072 | Orc:2    | Bought a pair of glowing boots for 217 gold pieces
 25077 | Orc:2    | Bought a pair of runed gloves for 217 gold pieces
 25099 | Orc:2    | Bought a scroll of enchant weapon for 127 gold pieces
 25099 | Orc:2    | Bought a scroll of teleportation for 51 gold pieces
 25099 | Orc:2    | Bought a scroll of fog for 34 gold pieces
 25099 | Orc:2    | Bought a scroll of magic mapping for 59 gold pieces
 25362 | Orc:2    | Bought the cursed +0 plate armour of Disguise {rPois MR+++
                  | Int+4 Dex-2} for 838 gold pieces
 25537 | Spider:1 | Entered Level 1 of the Spider Nest
 25964 | Spider:1 | Noticed Louise
 25975 | Spider:1 | Killed Louise
 25980 | Spider:1 | Reached XP level 15. HP: 108/139 MP: 14/14
 26212 | Spider:1 | Noticed Rupert
 26492 | Spider:1 | Reached skill level 15 in Armour
 26654 | Spider:1 | HP: 5/139 [entropy weaver (12)]
 26655 | Spider:1 | Mangled by an entropy weaver

Levels and vault maps discovered:
D:1:      dpeg_arrival_rooms_c, layout_loops_ring, minmay_stone_trees_small
D:2:      layout_loops_cross, st_stairs_7, uniq_sigmund, uniq_terence,
          uniq_natasha, uniq_jessica
D:3:      layout_basic, overflow_temple_1_default
D:4:      layout_loops_cross, tgw_xom, serial_shops, shop,
          lightli_corner_chamber, uniq_pikel
D:5:      layout_cave_pools, first_ration
D:6:      layout_layer_cave, chequers_temple_overflow_minitemple, uniq_duvessa
D:7:      layout_cave_pools, elyvilon_altar_4, minmay_temple_entry_from_below_b,
          grunt_ogre_cave, nicolae_alphabet_shops, uniq_maggie
D:8:      layout_basic, due_lair_maze_entry_diamond, lemuel_centaur_altar
D:9:      layout_stronghold, david_orc_2, serial_shops, nicolae_shop_trees
D:10:     minmay_chambers_of_sevens, layout_irregular_city,
          nicolae_benzene_ring, uniq_erolcha
D:11:     layout_cross, serial_shops, nicolae_shop_stone
Temple:   eino_temple_rhombus
Lair:1:   layout_long_grid, grunt_forest_large_clearing_hut, uniq_harold
Lair:2:   layout_regular_city, elwin_shoals_entry_stream,
          spider_nest_entry_rubble, grunt_megastairs_4
Lair:3:   layout_regular_city
Lair:4:   layout_long_grid, grunt_megastairs_3, uniq_sonja
Lair:5:   layout_misc_corridors, nicolae_volcano_entry_s_turn
Lair:6:   minmay_lair_end_frog_pond, layout_hall_layers,
          minmay_slime_entry_pillars, hellmonk_ghost_happy_afterlife
Spider:1: layout_spider_delve, uniq_rupert, uniq_louise
Orc:1:    layout_caves, serial_shops, shop_statue
Orc:2:    st_orc_elflike, layout_diamond_mine, basic_altar

Skill      XL: |  1  2  3  4  5  6  7  8  9 10 11 12 13 14 15 |
---------------+----------------------------------------------+-----
Axes           | 3 4 5 6 7 9 11 12 14 16 17 18 | 18.3
Armour         | 4 5 6 7 8 9 11 12 13 14 15 | 15.0
Fighting       | 4 5 6 7 8 9 11 12 13 14 | 14.9
Shields        | 4 5 6 7 8 |  8.4
Dodging        | 4 6 8 10 11 12 | 12.0

Action                   |  1- 3 |  4- 6 |  7- 9 | 10-12 | 13-15 || total
-------------------------+-------+-------+-------+-------+-------++-------
Melee: War axe           |    67 |   144 |    98 |   338 |   649 ||  1296
       Headbutt          |    11 |    25 |    78 |   154 |   222 ||   490
       Unarmed           |       |     2 |       |       |       ||     2
       Hand axe          |       |       |   251 |   311 |       ||   562
       Executioner's axe |       |       |       |       |   105 ||   105
Invok: Call Merchant     |       |       |       |       |     3 ||     3
       Potion Petition   |       |       |       |       |     1 ||     1
Evoke: Wand              |       |       |       |     7 |    14 ||    21
  Use: Scroll            |       |    16 |     7 |     5 |    23 ||    51
       Potion            |       |       |       |       |     6 ||     6
 Stab: Distracted        |       |       |       |     1 |     3 ||     4
       Paralysed         |       |       |       |       |     2 ||     2
  Eat: Chunk             |       |     6 |     8 |     5 |       ||    19
       Ration            |       |       |     1 |     7 |    11 ||    19
Armor: Scale mail        |    10 |       |       |       |       ||    10
       Chain mail        |    26 |    84 |    35 |       |       ||   145
       Plate armour      |       |       |   145 |   300 |   289 ||   734
       Swamp dragon scal |       |       |       |       |    20 ||    20
Dodge: Dodged            |    12 |    65 |    69 |   170 |   400 ||   716
Block: Kite shield       |    36 |    61 |   179 |   384 |   312 ||   972

Table legend:
 A = Non-vault XP
 B = Vault XP
 C = Vault XP percentage of total XP
 D = Non-vault monster count
 E = Vault monster count
 F = Vault count percentage of total count
                 A         B        C        D         E       F
            +---------+---------+-------+---------+---------+-------
      Total |   67520 |   43547 |  39.2 |     516 |     156 |  23.2
            +---------+---------+-------+---------+---------+-------
        D:1 |      37 |       0 |   0.0 |      23 |       0 |   0.0
        D:2 |     135 |     336 |  71.3 |      26 |       5 |  16.1
        D:3 |     242 |       0 |   0.0 |      28 |       0 |   0.0
        D:4 |     114 |     593 |  83.9 |      10 |       1 |   9.1
        D:5 |     452 |       0 |   0.0 |      25 |       0 |   0.0
        D:6 |     710 |     214 |  23.2 |      26 |       2 |   7.1
        D:7 |     810 |     531 |  39.6 |      18 |       2 |  10.0
        D:8 |    2258 |    2200 |  49.3 |      48 |      15 |  23.8
        D:9 |    1927 |     151 |   7.3 |      31 |       7 |  18.4
       D:10 |    1465 |    5416 |  78.7 |      27 |      14 |  34.1
       D:11 |    3117 |       0 |   0.0 |      24 |       0 |   0.0
     Lair:1 |    4171 |    2016 |  32.6 |      14 |       4 |  22.2
     Lair:2 |    4182 |    1699 |  28.9 |      18 |       5 |  21.7
     Lair:3 |    4824 |       0 |   0.0 |      18 |       0 |   0.0
     Lair:4 |    1528 |    1461 |  48.9 |       5 |       4 |  44.4
     Lair:5 |    7937 |      90 |   1.1 |      31 |       1 |   3.1
     Lair:6 |   10689 |   13085 |  55.0 |      26 |      52 |  66.7
   Spider:1 |   14062 |    1639 |  10.4 |      40 |       1 |   2.4
      Orc:1 |    2971 |     613 |  17.1 |      31 |       1 |   3.1
      Orc:2 |    5889 |    6688 |  53.2 |      47 |      23 |  32.9
    Volcano |       0 |    6815 | 100.0 |       0 |      19 | 100.0
            +---------+---------+-------+---------+---------+-------
